 Dungeon Crawl Stone Soup version 0.22-a0-282-gdd34a7d (console) character file.

303 Duffy the Chopper (level 6, -1/51 (56) HPs)
             Began as a Naga Fighter on Mar 17, 2018.
             Slain by a quasit (2 damage)
             ... on level 4 of the Dungeon.
             The game lasted 00:04:18 (3005 turns).

Duffy the Chopper (Naga Fighter)                    Turns: 3005, Time: 00:04:18

HP:   -1/51 (56)    AC:  6    Str: 20    XL:     6   Next: 38%
MP:   6/6           EV:  1    Int:  9    God:
Gold: 150           SH:  0    Dex: -19 (10)Spells: 5/5 levels left

rFire    . . .     SeeInvis +   a - +0 war axe
rCold    . . .     Gourm    .   c - +0 shield
rNeg     . . .     Faith    .   b - +0 scale mail
rPois    +         Spirit   .   (no helmet)
rElec    .         Reflect  .   (no cloak)
rCorr    .         Harm     .   n - +0 pair of gloves
MR       +....                  (no barding)
Stlth    ..........             m - amulet of regeneration
HPRegen  0.57/turn              p - ring of loudness (curse)
MPRegen  0.10/turn              r - ring of protection from magic

@: slowed, lost dexterity, very slow
A: large, see invisible, deformed body, poison resistance, slowness 2, slow
metabolism 1, spit poison 1, AC +2
a: Spit Poison


You were on level 4 of the Dungeon.
You were hungry.

You visited 1 branch of the dungeon, and saw 5 of its levels.

You collected 192 gold pieces.
You spent 42 gold pieces at shops.

Inventory:

Hand Weapons
 a - a +0 war axe (weapon)
Armour
 b - a +0 scale mail (worn)
 c - a +0 shield (worn)
 n - a +0 pair of gloves (worn)
Jewellery
 m - an amulet of regeneration (around neck)
 p - a cursed ring of loudness (left hand)
 r - a ring of protection from magic (right hand)
Scrolls
 e - 3 scrolls of teleportation
 h - 2 scrolls of fog
 k - a scroll of blinking
 o - a scroll of amnesia {unknown}
 s - a scroll of magic mapping {unknown}
Potions
 g - a potion of ambrosia
 i - 2 potions of curing
 j - 2 potions of heal wounds
 l - 2 potions of resistance
 t - a potion of cancellation
Comestibles
 f - 5 rations


   Skills:
 - Level 3.0 Fighting
 + Level 4.8 Axes
 - Level 2.4 Armour
 + Level 4.4 Shields


You had 5 spell levels left.
You didn't know any spells.

Dungeon Overview and Level Annotations

Branches:
Dungeon (5/15)
 Temple: D:4-7

Altars:

Shops:
D:4 ?


Innate Abilities, Weirdness & Mutations

You cannot wear boots.
Your serpentine skin is tough. (AC +2)
You have supernaturally acute eyesight. (SInv)
Armour fits poorly on your strangely shaped body.
Your system is resistant to poisons. (rPois)
You cover ground very slowly.
You have a slow metabolism.
You can spit poison.


Message History

You feel clumsy.
The quasit claws you but does no damage. x2
You barely miss the quasit.
The quasit is heavily wounded.
The quasit bites you but does no damage.
The quasit claws you.
The quasit claws you but does no damage.
The quasit bites you but does no damage.
The quasit claws you but does no damage. x2
You miss the quasit.
The quasit is heavily wounded.
The quasit bites you but does no damage.
The quasit completely misses you.
The quasit claws you but does no damage.
The quasit bites you but does no damage.
The quasit claws you but does no damage. x2
The quasit bites you.
You feel clumsy. The quasit claws you.
You die...

..##..# #.##..#
..###.## #..#..# .##
#..###..#..####.# .#
##............... # .#
#....###...#### .# .#
##...## #..## .# .#
##....####...## ..# .#
#..........#.5##...#
.###.........###@....#
#...........## ##...##
#.###......## ##.##
..# ##......### ..#
.## ###.#....## ....
## #.####..# ###.# ##
### ##.# #.# .# #.##
.# ## #.#


You could see a quasit.

Vanquished Creatures
  A necrophage (D:2)
  An orc wizard (D:4)
  A killer bee zombie (D:4)
  A gnoll (D:4)
  5 adders
  3 oozes
  An adder skeleton (D:4)
  4 worms
  4 leopard geckos
  2 orcs (D:4)
  2 ball pythons (D:3)
  3 giant cockroaches
  12 goblins
  10 hobgoblins
  4 jackals (D:1)
  A quokka (D:2)
  7 bats
  5 frilled lizards
  6 kobolds
  13 rats
86 creatures vanquished.

Notes
Turn   | Place    | Note
-------+----------+-------------------------------------------
     0 | D:1      | Duffy the Naga Fighter began the quest for the Orb.
     0 | D:1      | Reached XP level 1. HP: 21/21 MP: 1/1
   313 | D:1      | Reached XP level 2. HP: 28/28 MP: 2/2
   551 | D:1      | Reached XP level 3. HP: 33/34 MP: 3/3
  1117 | D:2      | Noticed a necrophage
  1131 | D:2      | Killed a necrophage
  1131 | D:2      | Reached XP level 4. HP: 5/37 MP: 4/4
  1131 | D:2      | Reached XP level 5. HP: 6/44 MP: 5/5
  2495 | D:4      | Reached XP level 6. HP: 51/51 MP: 6/6
  2503 | D:4      | Found Gitugoga's Magic Scroll Emporium.
  2509 | D:4      | Bought a scroll of teleportation for 42 gold pieces
  2911 | D:5      | Entered Level 5 of the Dungeon
  2973 | D:4      | Lost dexterity.
  3003 | D:4      | HP: 2/51 [quasit (2)]
  3005 | D:4      | Slain by a quasit

Vault maps used:
D:1:      evilmike_arrival_run_for_it
D:3:      lemuel_upstairs_altar, first_ration
D:4:      cheibrodos_greedy_goblins, serial_shops, shop_statue,
          nicolae_zen_rock_garden
D:5:      serial_shops, shop, enter_ossuary_5, st_stairs_7

Skill      XL: |  1  2  3  4  5 |
---------------+----------------+-----
Shields        | 3 4 |  4.4
Axes           | 3 4 |  4.8
Fighting       | |  3.0
Armour         | |  2.4

Action                   |  1- 3 |  4- 6 || total
-------------------------+-------+-------++-------
Melee: War axe           |   111 |   286 ||   397
 Abil: Spit Poison       |     3 |     3 ||     6
  Use: Scroll            |     3 |     6 ||     9
       Potion            |     1 |       ||     1
  Eat: Chunk             |       |     6 ||     6
Armor: Scale mail        |    51 |   395 ||   446
Dodge: Dodged            |    16 |   135 ||   151
Block: Shield            |    65 |   187 ||   252

Table legend:
 A = Spawn XP
 B = Non-spawn XP
 C = Spawn XP percentage of total XP
 D = Spawn monster count
 E = Non-spawn monster count
 F = Spawn count percentage of total count
 G = Total turns spent on level
                    A         B        C        D         E        F      G
               +---------+---------+-------+---------+---------+-------+---------
         Total |       0 |     433 |   0.0 |       0 |      86 |   0.0 |  3005
               +---------+---------+-------+---------+---------+-------+---------
           D:1 |       0 |      63 |   0.0 |       0 |      30 |   0.0 |   961
           D:2 |       0 |     187 |   0.0 |       0 |      22 |   0.0 |   840
           D:3 |       0 |      59 |   0.0 |       0 |      19 |   0.0 |   556
           D:4 |       0 |     124 |   0.0 |       0 |      15 |   0.0 |   645
               +---------+---------+-------+---------+---------+-------+---------
